[ AOE2 MATCH · #464854432 ]
UnrankedSlavs vs Maya
[ REPLAY ANALYSIS · EXTRACTED FROM THE RECORDED GAME ]
Feudal
8:53
Castle
24:05
Imperial
—
| APM avg | 59.5 |
| APM peak | 120 |
| eAPM avg | 27.6 |
| Villagers / military | 105 / 73 |
Focus
⚔️ 45.4% · 🌾 54.6%
Scout Cavalry ×44 · Knight ×29
Feudal
8:52
Castle
21:23
Imperial
—
| APM avg | 57.4 |
| APM peak | 104 |
| eAPM avg | 23.0 |
| Villagers / military | 89 / 81 |
Focus
⚔️ 36.8% · 🌾 63.2%
Archer ×81
Feudal
9:06
Castle
21:28
Imperial
—
| APM avg | 80.5 |
| APM peak | 164 |
| eAPM avg | 45.7 |
| Villagers / military | 88 / 83 |
Focus
⚔️ 66.2% · 🌾 33.8%
Archer ×83
Feudal
8:51
Castle
25:54
Imperial
—
| APM avg | 90.7 |
| APM peak | 172 |
| eAPM avg | 42.8 |
| Villagers / military | 73 / 60 |
Focus
⚔️ 55.5% · 🌾 44.5%
Scout Cavalry ×45 · Knight ×12 · Spearman ×3
Feudal
8:51
Castle
26:19
Imperial
—
| APM avg | 72.8 |
| APM peak | 138 |
| eAPM avg | 28.5 |
| Villagers / military | 74 / 54 |
Focus
⚔️ 54.5% · 🌾 45.5%
Scout Cavalry ×46 · Knight ×8
Feudal
8:51
Castle
24:16
Imperial
—
| APM avg | 59.9 |
| APM peak | 90 |
| eAPM avg | 29.7 |
| Villagers / military | 92 / 88 |
Focus
⚔️ 65.8% · 🌾 34.2%
Archer ×88
Feudal
8:45
Castle
22:10
Imperial
—
| APM avg | 82.8 |
| APM peak | 128 |
| eAPM avg | 30.8 |
| Villagers / military | 84 / 159 |
Focus
⚔️ 59.1% · 🌾 40.9%
Archer ×120 · Skirmisher ×39
Feudal
8:53
Castle
25:26
Imperial
—
| APM avg | 60.7 |
| APM peak | 122 |
| eAPM avg | 26.5 |
| Villagers / military | 75 / 107 |
Focus
⚔️ 55.5% · 🌾 44.5%
Knight ×69 · Scout Cavalry ×36 · Camel Scout ×2
Match map
Initial resources + every placement click. Lines = walls · curves = elevation contours. ◆ gold · ⬟ stone · ● berries · ✦ relic · ◌ wall gap
Inputs per minute
— [超雷大黑店]Jian Hei - - Ryuutaku
Build order — [超雷大黑店]Jian Hei
First 150 of 314 actions detected
| 0:00 | Create | Villager (Male) |
| 0:01 | Create | Villager (Male) |
| 0:02 | Build | House |
| 0:04 | Build | House |
| 0:07 | Create | Villager (Male) |
| 0:07 | Create | Villager (Male) |
| 0:07 | Create | Villager (Male) |
| 1:27 | Create | Villager (Male) |
| 1:28 | Create | Villager (Male) |
| 1:49 | Create | Villager (Male) |
| 1:49 | Create | Villager (Male) |
| 1:59 | Build | Lumber Camp |
| 2:11 | Create | Villager (Male) |
| 2:11 | Create | Villager (Male) |
| 2:44 | Create | Villager (Male) |
| 2:45 | Create | Villager (Male) |
| 2:57 | Create | Villager (Male) |
| 2:57 | Create | Villager (Male) |
| 3:26 | Build | House |
| 3:29 | Create | Villager (Male) |
| 3:30 | Create | Villager (Male) |
| 3:40 | Build | House |
| 4:13 | Create | Villager (Male) |
| 4:13 | Create | Villager (Male) |
| 4:14 | Create | Villager (Male) |
| 4:26 | Create | Villager (Male) |
| 4:27 | Create | Villager (Male) |
| 5:00 | Create | Villager (Male) |
| 5:02 | Create | Villager (Male) |
| 5:03 | Create | Villager (Male) |
| 5:11 | Build | Mill |
| 5:19 | Create | Villager (Male) |
| 5:20 | Create | Villager (Male) |
| 5:53 | Research | Loom |
| 6:34 | Research | Feudal Age |
| 6:34 | Research | Feudal Age |
| 7:02 | Build | Barracks |
| 7:15 | Create | Villager (Male) |
| 8:53 | Age | Feudal Age |
| 8:57 | Build | Stable |
| 8:59 | Build | House |
| 9:00 | Build | Palisade Wall |
| 9:04 | Research | Double-Bit Axe |
| 9:05 | Research | Horse Collar |
| 9:07 | Create | Villager (Male) |
| 9:22 | Create | Villager (Male) |
| 9:36 | Build | Farm |
| 9:52 | Create | Villager (Male) |
| 9:55 | Build | Farm |
| 10:01 | Build | Palisade Wall |
| 10:10 | Create | Villager (Male) |
| 10:14 | Build | Farm |
| 10:15 | Create | Scout Cavalry |
| 10:15 | Create | Scout Cavalry |
| 10:27 | Create | Villager (Male) |
| 10:31 | Build | Farm |
| 10:46 | Build | Farm |
| 10:58 | Create | Scout Cavalry |
| 10:58 | Create | Scout Cavalry |
| 11:04 | Create | Villager (Male) |
| 11:10 | Create | Villager (Male) |
| 11:11 | Build | Farm |
| 11:25 | Build | Palisade Wall |
| 11:31 | Build | Palisade Wall |
| 11:35 | Create | Scout Cavalry |
| 11:43 | Create | Villager (Male) |
| 11:47 | Build | Farm |
| 12:03 | Create | Scout Cavalry |
| 12:03 | Create | Scout Cavalry |
| 12:09 | Build | Farm |
| 12:25 | Create | Villager (Male) |
| 12:40 | Create | Scout Cavalry |
| 12:44 | Build | Farm |
| 12:44 | Build | Farm |
| 12:47 | Create | Villager (Male) |
| 12:59 | Create | Villager (Male) |
| 13:10 | Build | Blacksmith |
| 13:13 | Create | Scout Cavalry |
| 13:28 | Create | Villager (Male) |
| 13:31 | Build | Farm |
| 13:33 | Build | Farm |
| 13:51 | Create | Scout Cavalry |
| 13:53 | Build | House |
| 13:57 | Build | Farm |
| 14:03 | Create | Scout Cavalry |
| 14:10 | Build | Palisade Wall |
| 14:12 | Build | House |
| 14:22 | Create | Villager (Male) |
| 14:25 | Create | Villager (Male) |
| 14:30 | Create | Villager (Male) |
| 14:42 | Create | Villager (Male) |
| 14:43 | Build | Farm |
| 14:44 | Build | Farm |
| 14:46 | Build | Farm |
| 14:48 | Create | Scout Cavalry |
| 14:55 | Build | Palisade Wall |
| 14:56 | Build | Palisade Wall |
| 15:11 | Create | Villager (Male) |
| 15:25 | Build | Palisade Wall |
| 15:26 | Build | Palisade Wall |
| 15:30 | Create | Scout Cavalry |
| 15:35 | Research | Scale Barding Armor |
| 15:35 | Research | Scale Barding Armor |
| 15:38 | Build | Mining Camp |
| 15:57 | Create | Villager (Male) |
| 15:59 | Create | Scout Cavalry |
| 16:08 | Create | Villager (Male) |
| 16:16 | Build | House |
| 16:20 | Create | Scout Cavalry |
| 16:27 | Create | Villager (Male) |
| 16:30 | Build | Stable |
| 16:33 | Create | Villager (Male) |
| 16:38 | Create | Villager (Male) |
| 16:40 | Build | Farm |
| 16:58 | Create | Scout Cavalry |
| 17:13 | Research | Bloodlines |
| 17:13 | Research | Bloodlines |
| 17:27 | Create | Villager (Male) |
| 17:31 | Build | Farm |
| 17:32 | Build | Farm |
| 17:48 | Create | Villager (Male) |
| 17:50 | Create | Scout Cavalry |
| 17:50 | Create | Scout Cavalry |
| 18:01 | Build | Building 804 |
| 18:08 | Create | Scout Cavalry |
| 18:24 | Build | Farm |
| 18:25 | Build | Farm |
| 18:26 | Build | Farm |
| 18:37 | Create | Scout Cavalry |
| 18:38 | Create | Scout Cavalry |
| 18:42 | Create | Villager (Male) |
| 18:57 | Create | Scout Cavalry |
| 19:00 | Build | House |
| 19:08 | Research | Wheelbarrow |
| 19:15 | Build | Farm |
| 19:17 | Build | Mill |
| 19:37 | Create | Villager (Male) |
| 19:41 | Create | Scout Cavalry |
| 19:43 | Build | House |
| 20:04 | Create | Scout Cavalry |
| 20:14 | Build | Farm |
| 20:14 | Build | Farm |
| 20:16 | Build | Farm |
| 20:42 | Create | Villager (Male) |
| 20:54 | Build | Farm |
| 21:03 | Build | Market |
| 21:25 | Research | Castle Age |
| 21:25 | Research | Castle Age |
| 21:30 | Build | Lumber Camp |
| 21:44 | Create | Scout Cavalry |
Build order — Ryuutaku
First 150 of 276 actions detected
| 0:02 | Research | Loom |
| 0:05 | Build | House |
| 0:07 | Build | House |
| 0:12 | Create | Villager (Male) |
| 0:12 | Create | Villager (Male) |
| 0:29 | Create | Villager (Male) |
| 0:29 | Create | Villager (Male) |
| 1:31 | Create | Villager (Male) |
| 1:49 | Create | Villager (Male) |
| 2:13 | Build | Lumber Camp |
| 2:17 | Create | Villager (Male) |
| 2:17 | Create | Villager (Male) |
| 2:36 | Create | Villager (Male) |
| 3:05 | Create | Villager (Male) |
| 3:34 | Create | Villager (Male) |
| 3:34 | Create | Villager (Male) |
| 3:34 | Create | Villager (Male) |
| 3:55 | Build | House |
| 4:02 | Create | Villager (Male) |
| 4:02 | Create | Villager (Male) |
| 4:24 | Build | Mining Camp |
| 4:47 | Create | Villager (Male) |
| 4:49 | Create | Villager (Male) |
| 4:49 | Create | Villager (Male) |
| 5:01 | Create | Villager (Male) |
| 5:01 | Create | Villager (Male) |
| 6:35 | Research | Feudal Age |
| 7:37 | Build | House |
| 7:51 | Build | Palisade Wall |
| 8:06 | Build | Barracks |
| 8:17 | Create | Villager (Male) |
| 8:52 | Age | Feudal Age |
| 8:56 | Build | Archery Range |
| 9:01 | Research | Double-Bit Axe |
| 9:08 | Build | Archery Range |
| 9:10 | Build | House |
| 9:12 | Create | Villager (Male) |
| 9:36 | Create | Villager (Male) |
| 9:44 | Build | Blacksmith |
| 9:45 | Build | House |
| 9:50 | Create | Archer |
| 9:55 | Create | Villager (Male) |
| 10:04 | Create | Archer |
| 10:08 | Create | Villager (Male) |
| 10:19 | Create | Archer |
| 10:31 | Build | Palisade Wall |
| 10:32 | Build | Palisade Wall |
| 10:35 | Create | Archer |
| 10:50 | Build | Mill |
| 10:51 | Create | Villager (Male) |
| 10:55 | Create | Archer |
| 11:09 | Create | Archer |
| 11:17 | Research | Fletching |
| 11:29 | Build | House |
| 11:32 | Build | Palisade Wall |
| 11:33 | Create | Archer |
| 11:38 | Create | Villager (Male) |
| 11:52 | Create | Archer |
| 12:04 | Build | Palisade Wall |
| 12:07 | Create | Villager (Male) |
| 12:09 | Build | Farm |
| 12:11 | Build | Farm |
| 12:13 | Build | Farm |
| 12:25 | Create | Archer |
| 12:27 | Create | Archer |
| 12:35 | Create | Villager (Male) |
| 12:36 | Create | Villager (Male) |
| 12:57 | Build | Palisade Wall |
| 12:59 | Create | Archer |
| 12:59 | Create | Archer |
| 13:00 | Create | Villager (Male) |
| 13:00 | Create | Villager (Male) |
| 13:11 | Build | House |
| 13:11 | Create | Villager (Male) |
| 13:12 | Create | Villager (Male) |
| 13:22 | Build | Farm |
| 13:25 | Create | Villager (Male) |
| 13:27 | Create | Archer |
| 13:28 | Create | Archer |
| 13:41 | Build | House |
| 13:43 | Create | Villager (Male) |
| 13:54 | Build | Farm |
| 14:05 | Build | Farm |
| 14:07 | Create | Villager (Male) |
| 14:10 | Build | House |
| 14:26 | Create | Archer |
| 14:30 | Build | Farm |
| 14:42 | Build | House |
| 14:45 | Create | Archer |
| 14:49 | Build | House |
| 14:49 | Build | House |
| 14:51 | Create | Villager (Male) |
| 15:00 | Create | Archer |
| 15:07 | Create | Villager (Male) |
| 15:18 | Build | Farm |
| 15:32 | Create | Villager (Male) |
| 15:41 | Build | Farm |
| 15:43 | Build | Farm |
| 15:45 | Create | Archer |
| 15:45 | Create | Archer |
| 16:02 | Build | House |
| 16:02 | Create | Villager (Male) |
| 16:07 | Build | Farm |
| 16:15 | Create | Villager (Male) |
| 16:25 | Create | Archer |
| 16:25 | Create | Archer |
| 16:35 | Build | Farm |
| 16:46 | Create | Villager (Male) |
| 17:09 | Create | Villager (Male) |
| 17:19 | Build | Farm |
| 17:20 | Build | Farm |
| 17:26 | Build | House |
| 17:27 | Build | House |
| 17:45 | Build | Farm |
| 17:50 | Create | Archer |
| 17:51 | Create | Archer |
| 18:01 | Create | Villager (Male) |
| 18:09 | Build | Farm |
| 18:14 | Build | House |
| 18:15 | Build | House |
| 18:22 | Create | Archer |
| 18:23 | Create | Archer |
| 18:43 | Research | Castle Age |
| 18:43 | Research | Castle Age |
| 18:46 | Create | Archer |
| 18:46 | Create | Archer |
| 18:57 | Research | Horse Collar |
| 18:57 | Research | Horse Collar |
| 19:22 | Build | House |
| 19:27 | Research | Padded Archer Armor |
| 19:34 | Create | Archer |
| 19:34 | Create | Archer |
| 19:47 | Create | Archer |
| 19:47 | Create | Archer |
| 20:06 | Build | Archery Range |
| 20:18 | Research | Gold Mining |
| 20:19 | Research | Gold Mining |
| 20:35 | Build | House |
| 20:46 | Create | Villager (Male) |
| 20:54 | Create | Villager (Male) |
| 21:09 | Create | Archer |
| 21:11 | Create | Archer |
| 21:23 | Age | Castle Age |
| 21:24 | Research | Crossbowman (upgrade) |
| 21:25 | Research | Bodkin Arrow |
| 21:28 | Build | University |
| 21:33 | Build | Town Center |
| 21:41 | Build | Lumber Camp |
| 21:47 | Create | Archer |
| 21:47 | Create | Archer |
Build order — BSL | Dr.Kozmonot
First 150 of 274 actions detected
| 0:01 | Create | Villager (Male) |
| 0:02 | Build | House |
| 0:03 | Build | House |
| 0:06 | Create | Villager (Male) |
| 0:19 | Create | Villager (Male) |
| 0:23 | Create | Villager (Male) |
| 1:20 | Create | Villager (Male) |
| 1:24 | Build | Lumber Camp |
| 1:58 | Create | Villager (Male) |
| 1:58 | Create | Villager (Male) |
| 2:26 | Create | Villager (Male) |
| 2:47 | Create | Villager (Male) |
| 2:47 | Create | Villager (Male) |
| 3:19 | Create | Villager (Male) |
| 3:39 | Create | Villager (Male) |
| 3:55 | Build | House |
| 3:58 | Build | House |
| 4:02 | Create | Villager (Male) |
| 4:02 | Create | Villager (Male) |
| 4:20 | Create | Villager (Male) |
| 4:21 | Create | Villager (Male) |
| 4:41 | Create | Villager (Male) |
| 5:15 | Create | Villager (Male) |
| 5:43 | Build | Mining Camp |
| 5:46 | Research | Loom |
| 6:21 | Create | Villager (Male) |
| 6:56 | Research | Feudal Age |
| 6:57 | Research | Feudal Age |
| 7:47 | Build | Barracks |
| 8:25 | Create | Villager (Male) |
| 9:06 | Age | Feudal Age |
| 9:09 | Build | Archery Range |
| 9:11 | Build | Archery Range |
| 9:14 | Create | Villager (Male) |
| 9:27 | Create | Villager (Male) |
| 9:32 | Create | Villager (Male) |
| 9:57 | Create | Archer |
| 10:00 | Build | Palisade Wall |
| 10:10 | Create | Villager (Male) |
| 10:21 | Create | Archer |
| 10:24 | Create | Archer |
| 10:27 | Create | Villager (Male) |
| 10:29 | Create | Villager (Male) |
| 10:33 | Create | Archer |
| 10:39 | Create | Archer |
| 10:41 | Create | Villager (Male) |
| 10:49 | Build | Blacksmith |
| 11:13 | Create | Archer |
| 11:15 | Create | Villager (Male) |
| 11:16 | Build | Mill |
| 11:23 | Create | Villager (Male) |
| 11:29 | Build | House |
| 11:40 | Create | Archer |
| 11:56 | Create | Villager (Male) |
| 12:00 | Research | Fletching |
| 12:22 | Create | Archer |
| 12:26 | Create | Villager (Male) |
| 12:29 | Build | Farm |
| 12:30 | Build | Farm |
| 12:33 | Build | Farm |
| 12:34 | Create | Archer |
| 12:36 | Create | Villager (Male) |
| 12:39 | Build | House |
| 12:48 | Create | Archer |
| 13:08 | Create | Archer |
| 13:09 | Create | Archer |
| 13:21 | Create | Archer |
| 13:40 | Create | Archer |
| 13:41 | Create | Villager (Male) |
| 13:58 | Create | Villager (Male) |
| 13:59 | Build | Farm |
| 14:00 | Build | Farm |
| 14:00 | Build | Farm |
| 14:01 | Build | Farm |
| 14:04 | Create | Archer |
| 14:10 | Create | Archer |
| 14:14 | Build | House |
| 14:16 | Create | Archer |
| 14:20 | Create | Villager (Male) |
| 14:37 | Create | Archer |
| 14:43 | Create | Archer |
| 14:47 | Create | Villager (Male) |
| 15:04 | Build | Farm |
| 15:05 | Build | House |
| 15:16 | Create | Archer |
| 15:20 | Create | Villager (Male) |
| 15:32 | Create | Villager (Male) |
| 15:37 | Create | Archer |
| 15:47 | Create | Archer |
| 15:53 | Create | Archer |
| 15:58 | Create | Villager (Male) |
| 16:08 | Create | Archer |
| 16:10 | Create | Villager (Male) |
| 16:12 | Build | House |
| 16:15 | Build | Farm |
| 16:18 | Create | Archer |
| 16:25 | Create | Archer |
| 16:36 | Create | Villager (Male) |
| 16:46 | Create | Villager (Male) |
| 16:46 | Create | Archer |
| 17:01 | Build | Farm |
| 17:05 | Create | Archer |
| 17:23 | Create | Villager (Male) |
| 17:25 | Build | Market |
| 17:38 | Build | Farm |
| 17:45 | Create | Villager (Male) |
| 17:52 | Build | Farm |
| 18:48 | Research | Castle Age |
| 18:49 | Research | Castle Age |
| 18:53 | Create | Archer |
| 18:58 | Build | Lumber Camp |
| 19:01 | Create | Archer |
| 19:01 | Create | Archer |
| 19:01 | Create | Archer |
| 19:18 | Create | Archer |
| 19:21 | Research | Horse Collar |
| 19:22 | Research | Horse Collar |
| 19:39 | Create | Archer |
| 20:00 | Research | Double-Bit Axe |
| 20:00 | Research | Double-Bit Axe |
| 20:04 | Create | Archer |
| 20:12 | Create | Villager (Male) |
| 20:21 | Build | House |
| 20:23 | Build | House |
| 20:25 | Build | House |
| 20:38 | Create | Archer |
| 20:57 | Create | Archer |
| 21:28 | Age | Castle Age |
| 21:31 | Build | Farm |
| 21:32 | Research | Crossbowman (upgrade) |
| 21:33 | Research | Crossbowman (upgrade) |
| 21:33 | Research | Bodkin Arrow |
| 21:34 | Research | Bodkin Arrow |
| 21:47 | Create | Archer |
| 21:51 | Create | Archer |
| 21:53 | Create | Archer |
| 22:09 | Create | Archer |
| 22:12 | Create | Villager (Male) |
| 22:25 | Create | Archer |
| 22:28 | Create | Villager (Male) |
| 22:34 | Build | University |
| 22:37 | Research | Bow Saw |
| 22:37 | Research | Bow Saw |
| 22:43 | Create | Archer |
| 22:48 | Build | House |
| 22:52 | Create | Villager (Male) |
| 22:56 | Create | Villager (Male) |
| 22:57 | Create | Archer |
| 23:05 | Create | Villager (Male) |
| 23:13 | Create | Archer |
Build order — Yukgit
First 150 of 240 actions detected
| 0:01 | Create | Villager (Male) |
| 0:02 | Build | House |
| 0:03 | Build | House |
| 0:05 | Create | Villager (Male) ×3 |
| 0:06 | Create | Villager (Male) ×3 |
| 1:26 | Create | Villager (Male) |
| 1:57 | Build | Lumber Camp |
| 2:00 | Create | Villager (Male) |
| 2:05 | Create | Villager (Male) |
| 2:05 | Create | Villager (Male) |
| 2:28 | Build | House |
| 2:51 | Create | Villager (Male) |
| 2:52 | Create | Villager (Male) |
| 3:21 | Create | Villager (Male) |
| 3:21 | Create | Villager (Male) |
| 3:55 | Create | Villager (Male) |
| 3:56 | Create | Villager (Male) |
| 4:22 | Create | Villager (Male) |
| 4:40 | Build | Mill |
| 4:46 | Create | Villager (Male) |
| 5:07 | Create | Villager (Male) |
| 5:07 | Create | Villager (Male) |
| 5:14 | Research | Loom |
| 6:37 | Research | Feudal Age |
| 6:37 | Research | Feudal Age |
| 7:15 | Build | Barracks |
| 8:33 | Create | Villager (Male) |
| 8:51 | Age | Feudal Age |
| 8:53 | Build | Stable |
| 8:56 | Create | Villager (Male) |
| 9:06 | Research | Double-Bit Axe |
| 9:22 | Create | Villager (Male) |
| 9:24 | Research | Horse Collar |
| 9:34 | Create | Scout Cavalry |
| 9:34 | Create | Scout Cavalry |
| 9:34 | Create | Scout Cavalry |
| 9:52 | Create | Villager (Male) |
| 9:54 | Build | Farm |
| 9:55 | Build | Farm |
| 10:09 | Create | Villager (Male) |
| 10:13 | Build | Farm |
| 10:29 | Build | Farm |
| 10:32 | Create | Scout Cavalry |
| 10:33 | Create | Scout Cavalry |
| 10:45 | Create | Villager (Male) |
| 10:48 | Build | Palisade Gate |
| 10:49 | Build | Palisade Wall |
| 10:52 | Create | Scout Cavalry |
| 10:52 | Create | Scout Cavalry |
| 10:54 | Create | Spearman |
| 10:58 | Build | House |
| 10:59 | Build | House |
| 11:11 | Create | Scout Cavalry |
| 11:14 | Create | Villager (Male) |
| 11:19 | Create | Scout Cavalry |
| 11:20 | Create | Scout Cavalry |
| 11:26 | Build | Farm |
| 11:28 | Build | Farm |
| 11:36 | Create | Villager (Male) |
| 11:52 | Create | Scout Cavalry |
| 11:59 | Build | Mill |
| 12:01 | Create | Scout Cavalry |
| 12:01 | Create | Scout Cavalry |
| 12:06 | Create | Villager (Male) |
| 12:16 | Create | Villager (Male) |
| 12:23 | Create | Villager (Male) |
| 12:33 | Create | Scout Cavalry |
| 12:46 | Build | Farm |
| 12:46 | Build | Farm |
| 12:47 | Build | Farm |
| 13:05 | Create | Scout Cavalry |
| 13:13 | Create | Villager (Male) |
| 13:26 | Create | Scout Cavalry |
| 13:35 | Create | Scout Cavalry |
| 13:40 | Create | Scout Cavalry |
| 13:43 | Create | Villager (Male) |
| 13:45 | Build | Farm |
| 13:45 | Build | Farm |
| 13:46 | Build | Farm |
| 13:55 | Create | Scout Cavalry |
| 13:58 | Build | House |
| 14:05 | Create | Villager (Male) |
| 14:15 | Research | Bloodlines |
| 14:15 | Research | Bloodlines |
| 14:20 | Create | Scout Cavalry |
| 14:23 | Build | Blacksmith |
| 14:26 | Create | Scout Cavalry |
| 14:27 | Create | Villager (Male) |
| 14:37 | Build | House |
| 14:38 | Build | Palisade Wall |
| 14:39 | Build | Palisade Wall |
| 14:41 | Build | House |
| 14:42 | Build | Palisade Wall |
| 14:51 | Create | Villager (Male) |
| 14:53 | Build | Farm |
| 14:53 | Build | Farm |
| 14:54 | Build | Farm |
| 14:59 | Research | Forging |
| 15:01 | Research | Scale Barding Armor |
| 15:01 | Research | Scale Barding Armor |
| 15:07 | Create | Villager (Male) |
| 15:14 | Build | Farm |
| 15:14 | Build | Farm |
| 15:15 | Build | Farm |
| 15:22 | Build | Farm |
| 15:36 | Research | Forging |
| 15:37 | Create | Villager (Male) |
| 15:55 | Create | Scout Cavalry |
| 16:11 | Build | Mill |
| 16:12 | Build | Farm |
| 16:12 | Build | Farm |
| 16:12 | Build | Farm |
| 16:12 | Build | Farm |
| 16:17 | Create | Villager (Male) |
| 16:29 | Create | Scout Cavalry |
| 16:31 | Build | Farm |
| 16:31 | Build | Farm |
| 16:39 | Create | Scout Cavalry |
| 16:42 | Create | Villager (Male) |
| 16:48 | Build | Farm |
| 16:53 | Create | Scout Cavalry |
| 16:58 | Create | Villager (Male) |
| 16:58 | Create | Villager (Male) |
| 17:06 | Build | House |
| 17:08 | Build | Palisade Wall |
| 17:09 | Build | House |
| 17:10 | Build | Palisade Wall |
| 17:12 | Create | Villager (Male) |
| 17:19 | Build | Watch Tower |
| 17:20 | Create | Spearman |
| 17:20 | Create | Spearman |
| 17:22 | Create | Villager (Male) |
| 17:22 | Create | Villager (Male) |
| 17:40 | Create | Scout Cavalry |
| 18:35 | Create | Villager (Male) |
| 18:37 | Build | Mining Camp |
| 18:46 | Create | Scout Cavalry |
| 18:47 | Create | Scout Cavalry |
| 19:03 | Create | Villager (Male) |
| 19:26 | Create | Villager (Male) |
| 19:41 | Build | Mill |
| 19:41 | Build | Farm |
| 19:41 | Build | Farm |
| 19:41 | Build | Farm |
| 19:53 | Create | Villager (Male) |
| 19:56 | Build | Watch Tower |
| 20:15 | Create | Villager (Male) |
| 20:22 | Build | Farm |
| 20:22 | Build | Farm |
| 20:22 | Build | Farm |
Build order — 徐智博宝宝真的很可爱
First 150 of 224 actions detected
| 0:01 | Create | Villager (Male) |
| 0:01 | Create | Villager (Male) |
| 0:02 | Build | House |
| 0:03 | Build | House |
| 0:08 | Create | Villager (Male) |
| 0:08 | Create | Villager (Male) |
| 1:26 | Create | Villager (Male) |
| 2:00 | Create | Villager (Male) |
| 2:00 | Create | Villager (Male) |
| 2:14 | Create | Villager (Male) |
| 2:20 | Build | Lumber Camp |
| 2:48 | Create | Villager (Male) |
| 3:06 | Build | House |
| 3:14 | Create | Villager (Male) |
| 3:14 | Create | Villager (Male) |
| 4:09 | Create | Villager (Male) |
| 4:10 | Create | Villager (Male) |
| 4:27 | Create | Villager (Male) |
| 4:35 | Create | Villager (Male) |
| 5:05 | Build | Mill |
| 5:14 | Create | Villager (Male) |
| 5:48 | Research | Loom |
| 6:33 | Research | Feudal Age |
| 7:39 | Build | Barracks |
| 8:33 | Create | Villager (Male) |
| 8:51 | Age | Feudal Age |
| 8:52 | Build | Stable |
| 8:52 | Create | Villager (Male) |
| 9:04 | Research | Double-Bit Axe |
| 9:21 | Build | Farm |
| 9:36 | Create | Villager (Male) |
| 9:38 | Build | House |
| 9:39 | Create | Scout Cavalry |
| 9:54 | Create | Scout Cavalry |
| 9:57 | Build | Farm |
| 9:59 | Build | Farm |
| 10:26 | Build | Farm |
| 10:26 | Create | Villager (Male) |
| 10:27 | Create | Villager (Male) |
| 10:29 | Build | Farm |
| 10:52 | Build | House |
| 10:54 | Build | Palisade Wall |
| 11:02 | Create | Scout Cavalry |
| 11:04 | Create | Scout Cavalry |
| 11:04 | Create | Villager (Male) |
| 11:34 | Create | Villager (Male) |
| 11:45 | Build | Blacksmith |
| 11:49 | Build | House |
| 11:54 | Research | Wheelbarrow |
| 12:01 | Build | Palisade Wall |
| 12:02 | Build | Palisade Wall |
| 12:05 | Build | Palisade Wall |
| 12:06 | Build | Palisade Wall |
| 12:09 | Build | Palisade Wall |
| 12:15 | Build | Farm |
| 12:18 | Create | Scout Cavalry |
| 12:18 | Create | Scout Cavalry |
| 12:25 | Build | Palisade Wall |
| 12:33 | Build | Palisade Wall |
| 12:35 | Build | Palisade Wall |
| 12:38 | Create | Scout Cavalry |
| 12:43 | Build | Palisade Wall |
| 12:49 | Build | Farm |
| 12:57 | Create | Scout Cavalry |
| 12:57 | Create | Scout Cavalry |
| 13:04 | Build | House |
| 13:10 | Create | Villager (Male) |
| 13:26 | Create | Villager (Male) |
| 13:34 | Build | Farm |
| 13:42 | Build | House |
| 13:43 | Build | Palisade Wall |
| 13:49 | Create | Scout Cavalry |
| 13:49 | Create | Scout Cavalry |
| 14:01 | Build | Farm |
| 14:09 | Build | Farm |
| 14:23 | Research | Scale Barding Armor |
| 14:24 | Create | Villager (Male) |
| 14:27 | Build | Farm |
| 14:45 | Build | Palisade Wall |
| 14:49 | Create | Scout Cavalry |
| 14:56 | Create | Villager (Male) |
| 14:56 | Create | Villager (Male) |
| 15:04 | Build | House |
| 15:08 | Build | Farm |
| 15:11 | Build | Farm |
| 15:18 | Build | House |
| 15:20 | Build | House |
| 15:22 | Build | Watch Tower |
| 15:27 | Build | House |
| 15:37 | Build | House |
| 15:37 | Create | Villager (Male) |
| 15:44 | Build | Stone Wall |
| 15:45 | Create | Villager (Male) |
| 15:50 | Create | Scout Cavalry |
| 15:50 | Create | Scout Cavalry |
| 16:12 | Build | Farm |
| 16:20 | Create | Villager (Male) |
| 16:27 | Build | Lumber Camp |
| 16:32 | Create | Scout Cavalry |
| 16:38 | Research | Forging |
| 16:38 | Research | Forging |
| 16:51 | Create | Villager (Male) |
| 17:02 | Create | Villager (Male) |
| 17:20 | Create | Scout Cavalry |
| 17:20 | Create | Scout Cavalry |
| 17:31 | Build | Farm |
| 17:35 | Create | Scout Cavalry |
| 17:55 | Create | Scout Cavalry |
| 18:13 | Build | Farm |
| 18:14 | Create | Scout Cavalry |
| 18:14 | Create | Scout Cavalry |
| 18:20 | Build | Stable |
| 18:31 | Research | Bloodlines |
| 18:38 | Create | Scout Cavalry |
| 18:38 | Create | Scout Cavalry |
| 18:48 | Create | Scout Cavalry |
| 18:48 | Create | Scout Cavalry |
| 18:54 | Build | Farm |
| 18:56 | Build | Farm |
| 18:56 | Build | Farm |
| 18:56 | Build | Farm |
| 18:57 | Build | Farm |
| 19:03 | Create | Scout Cavalry |
| 19:03 | Create | Scout Cavalry |
| 19:07 | Create | Scout Cavalry |
| 19:18 | Create | Villager (Male) |
| 19:19 | Create | Villager (Male) |
| 19:19 | Create | Villager (Male) |
| 19:21 | Build | Farm |
| 19:23 | Build | Farm |
| 19:26 | Create | Scout Cavalry |
| 20:00 | Create | Scout Cavalry |
| 20:00 | Create | Scout Cavalry |
| 20:06 | Create | Villager (Male) |
| 20:15 | Create | Scout Cavalry |
| 20:22 | Build | Mill |
| 20:23 | Build | Farm |
| 20:23 | Build | Farm |
| 20:23 | Build | Farm |
| 20:31 | Create | Scout Cavalry |
| 20:41 | Create | Villager (Male) |
| 20:42 | Create | Villager (Male) |
| 20:42 | Create | Villager (Male) |
| 20:53 | Create | Scout Cavalry |
| 20:53 | Create | Scout Cavalry |
| 21:02 | Create | Villager (Male) |
| 21:10 | Build | Farm |
| 21:19 | Create | Villager (Male) |
| 21:33 | Create | Scout Cavalry |
| 21:36 | Create | Scout Cavalry |
Build order — ANKR.DAI
First 150 of 276 actions detected
| 0:01 | Create | Villager (Male) ×4 |
| 0:01 | Create | Villager (Male) ×4 |
| 0:02 | Build | House |
| 0:55 | Build | Palisade Wall |
| 0:55 | Build | House |
| 0:56 | Build | House |
| 1:25 | Create | Villager (Male) |
| 1:26 | Create | Villager (Male) |
| 1:53 | Create | Villager (Male) |
| 2:03 | Build | Lumber Camp |
| 2:20 | Create | Villager (Male) |
| 2:40 | Create | Villager (Male) |
| 2:40 | Create | Villager (Male) |
| 3:05 | Create | Villager (Male) |
| 3:06 | Create | Villager (Male) |
| 3:31 | Create | Villager (Male) |
| 3:33 | Create | Villager (Male) |
| 4:03 | Create | Villager (Male) |
| 4:03 | Create | Villager (Male) |
| 4:30 | Create | Villager (Male) |
| 4:46 | Build | Mining Camp |
| 4:48 | Create | Villager (Male) |
| 4:59 | Research | Loom |
| 5:31 | Build | House |
| 5:32 | Build | Palisade Wall |
| 5:38 | Build | House |
| 6:34 | Research | Feudal Age |
| 6:34 | Research | Feudal Age |
| 7:12 | Build | Barracks |
| 7:13 | Build | Palisade Wall |
| 7:16 | Create | Villager (Male) |
| 8:51 | Age | Feudal Age |
| 8:52 | Create | Villager (Male) |
| 8:54 | Build | Archery Range |
| 8:56 | Build | Archery Range |
| 9:07 | Build | House |
| 9:09 | Research | Double-Bit Axe |
| 9:30 | Create | Villager (Male) |
| 9:33 | Build | House |
| 9:51 | Create | Archer |
| 9:52 | Create | Villager (Male) |
| 9:54 | Create | Archer |
| 9:59 | Create | Archer |
| 10:02 | Build | House |
| 10:09 | Create | Villager (Male) |
| 10:22 | Create | Archer |
| 10:22 | Create | Archer |
| 10:25 | Build | House |
| 10:35 | Create | Villager (Male) |
| 10:47 | Build | Mill |
| 10:55 | Create | Villager (Male) |
| 10:59 | Build | Palisade Wall |
| 11:01 | Create | Archer |
| 11:12 | Create | Archer |
| 11:26 | Create | Villager (Male) |
| 11:38 | Create | Villager (Male) |
| 11:42 | Create | Archer |
| 11:48 | Build | Farm |
| 11:49 | Build | Farm |
| 11:53 | Create | Archer |
| 11:53 | Create | Archer |
| 12:05 | Create | Archer |
| 12:15 | Build | Palisade Wall |
| 12:16 | Create | Archer |
| 12:16 | Create | Archer |
| 12:26 | Create | Villager (Male) |
| 12:38 | Create | Villager (Male) |
| 12:51 | Build | Blacksmith |
| 12:54 | Create | Archer |
| 13:03 | Build | Palisade Wall |
| 13:04 | Create | Villager (Male) |
| 13:05 | Create | Archer |
| 13:18 | Create | Archer |
| 13:23 | Build | House |
| 13:29 | Build | Farm |
| 13:39 | Create | Villager (Male) |
| 13:40 | Create | Archer |
| 13:48 | Build | House |
| 14:00 | Build | Farm |
| 14:03 | Build | Farm |
| 14:07 | Create | Villager (Male) |
| 14:22 | Build | Palisade Wall |
| 14:23 | Create | Archer |
| 14:28 | Create | Archer |
| 14:32 | Build | House |
| 14:34 | Create | Villager (Male) |
| 14:35 | Create | Archer |
| 14:42 | Build | Palisade Wall |
| 14:49 | Research | Fletching |
| 14:50 | Research | Fletching |
| 15:03 | Create | Archer |
| 15:04 | Create | Archer |
| 15:15 | Create | Villager (Male) |
| 15:17 | Create | Villager (Male) |
| 15:18 | Create | Archer |
| 15:19 | Build | Farm |
| 15:20 | Build | Farm |
| 15:21 | Build | Farm |
| 15:25 | Create | Archer |
| 15:38 | Build | House |
| 15:49 | Create | Villager (Male) |
| 15:50 | Create | Archer |
| 16:05 | Create | Archer |
| 16:10 | Build | Watch Tower |
| 16:13 | Create | Villager (Male) |
| 16:23 | Create | Archer |
| 16:28 | Create | Archer |
| 16:32 | Create | Villager (Male) |
| 17:04 | Create | Villager (Male) |
| 17:05 | Create | Archer |
| 17:10 | Create | Archer |
| 17:20 | Create | Villager (Male) |
| 17:52 | Create | Villager (Male) |
| 17:54 | Create | Archer |
| 18:03 | Create | Archer |
| 18:07 | Build | Farm |
| 18:08 | Build | Farm |
| 18:10 | Build | House |
| 18:12 | Build | Palisade Wall |
| 18:14 | Create | Archer |
| 18:14 | Create | Archer |
| 18:16 | Create | Villager (Male) |
| 18:34 | Create | Villager (Male) |
| 18:35 | Create | Archer |
| 18:46 | Create | Archer |
| 18:58 | Build | Farm |
| 18:59 | Build | Farm |
| 19:00 | Create | Villager (Male) |
| 19:01 | Build | Market |
| 19:08 | Create | Archer |
| 19:15 | Create | Archer |
| 19:35 | Create | Villager (Male) |
| 19:39 | Create | Archer |
| 19:46 | Build | Farm |
| 19:46 | Build | Farm |
| 19:53 | Build | Farm |
| 19:56 | Build | Farm |
| 20:02 | Create | Archer |
| 20:11 | Build | Mining Camp |
| 20:21 | Create | Villager (Male) |
| 20:24 | Create | Archer |
| 20:24 | Create | Archer |
| 20:51 | Create | Villager (Male) |
| 20:53 | Create | Villager (Male) |
| 20:59 | Create | Archer |
| 21:36 | Research | Castle Age |
| 21:37 | Research | Castle Age |
| 21:39 | Create | Archer |
| 22:07 | Build | Lumber Camp |
| 22:11 | Create | Archer |
Build order — ANKR.ice cream
First 150 of 325 actions detected
| 0:01 | Create | Villager (Male) |
| 0:02 | Build | House |
| 0:10 | Create | Villager (Male) |
| 0:10 | Create | Villager (Male) |
| 0:14 | Create | Villager (Male) |
| 0:14 | Create | Villager (Male) |
| 1:29 | Create | Villager (Male) |
| 1:29 | Create | Villager (Male) |
| 1:46 | Build | House |
| 1:46 | Build | House |
| 1:57 | Create | Villager (Male) |
| 2:12 | Build | Lumber Camp |
| 2:16 | Create | Villager (Male) |
| 2:17 | Create | Villager (Male) |
| 2:43 | Create | Villager (Male) |
| 3:08 | Create | Villager (Male) |
| 3:09 | Create | Villager (Male) |
| 4:00 | Create | Villager (Male) |
| 4:00 | Create | Villager (Male) |
| 4:35 | Build | Mining Camp |
| 4:55 | Create | Villager (Male) |
| 4:56 | Create | Villager (Male) |
| 4:56 | Create | Villager (Male) |
| 5:03 | Create | Villager (Male) |
| 5:46 | Research | Loom |
| 6:15 | Build | House |
| 6:34 | Research | Feudal Age |
| 6:51 | Build | Palisade Wall |
| 6:52 | Build | House |
| 7:22 | Build | Barracks |
| 8:21 | Build | Palisade Wall |
| 8:22 | Build | Palisade Wall |
| 8:27 | Create | Villager (Male) |
| 8:45 | Age | Feudal Age |
| 8:47 | Create | Villager (Male) |
| 8:57 | Build | Archery Range |
| 9:00 | Build | Archery Range |
| 9:10 | Build | Palisade Wall |
| 9:12 | Create | Villager (Male) |
| 9:24 | Create | Villager (Male) |
| 9:31 | Build | Mill |
| 9:32 | Create | Villager (Male) |
| 9:37 | Create | Villager (Male) |
| 9:57 | Create | Archer |
| 10:10 | Create | Archer |
| 10:12 | Build | Blacksmith |
| 10:13 | Create | Archer |
| 10:32 | Build | Palisade Wall |
| 11:06 | Create | Villager (Male) |
| 11:07 | Create | Villager (Male) |
| 11:16 | Create | Archer |
| 11:22 | Build | Farm |
| 11:23 | Build | Farm |
| 11:46 | Research | Fletching |
| 11:54 | Build | House |
| 12:05 | Build | Farm |
| 12:07 | Create | Villager (Male) |
| 12:10 | Create | Archer |
| 12:14 | Create | Archer |
| 12:15 | Create | Archer |
| 12:20 | Build | Palisade Wall |
| 12:30 | Create | Villager (Male) |
| 12:38 | Create | Archer |
| 12:38 | Create | Archer |
| 12:48 | Build | Farm |
| 12:51 | Create | Archer |
| 13:02 | Create | Villager (Male) |
| 13:02 | Create | Villager (Male) |
| 13:07 | Build | House |
| 13:09 | Create | Archer |
| 13:12 | Create | Villager (Male) |
| 13:12 | Create | Villager (Male) |
| 13:39 | Create | Archer |
| 13:39 | Create | Archer |
| 13:40 | Create | Villager (Male) |
| 13:51 | Create | Archer |
| 13:51 | Create | Archer |
| 13:58 | Create | Villager (Male) |
| 13:58 | Create | Villager (Male) |
| 13:58 | Create | Villager (Male) |
| 14:06 | Build | Farm |
| 14:07 | Build | Farm |
| 14:09 | Build | House |
| 14:12 | Create | Archer |
| 14:12 | Create | Archer |
| 14:37 | Create | Archer |
| 14:44 | Create | Villager (Male) |
| 14:44 | Create | Villager (Male) |
| 14:50 | Create | Archer |
| 14:50 | Create | Archer |
| 14:52 | Build | Farm |
| 14:52 | Build | Farm |
| 14:58 | Create | Villager (Male) |
| 15:02 | Research | Double-Bit Axe |
| 15:04 | Create | Villager (Male) |
| 15:07 | Create | Archer |
| 15:08 | Create | Archer |
| 15:29 | Create | Archer |
| 15:29 | Create | Archer |
| 15:30 | Create | Villager (Male) |
| 15:30 | Create | Villager (Male) |
| 15:30 | Create | Villager (Male) |
| 15:32 | Build | Farm |
| 15:52 | Create | Villager (Male) |
| 15:53 | Create | Villager (Male) |
| 16:05 | Build | Farm |
| 16:06 | Build | Farm |
| 16:13 | Create | Archer |
| 16:13 | Create | Archer |
| 16:14 | Create | Villager (Male) |
| 16:14 | Create | Villager (Male) |
| 16:17 | Create | Archer |
| 16:24 | Create | Archer |
| 16:24 | Create | Archer |
| 16:36 | Create | Archer |
| 16:36 | Create | Archer |
| 16:39 | Create | Villager (Male) |
| 16:59 | Create | Archer |
| 16:59 | Create | Archer |
| 17:16 | Create | Archer |
| 17:16 | Create | Archer |
| 17:21 | Build | House |
| 17:32 | Create | Archer |
| 17:33 | Create | Archer |
| 17:41 | Create | Villager (Male) |
| 17:42 | Create | Villager (Male) |
| 17:53 | Create | Archer |
| 17:53 | Create | Archer |
| 18:25 | Create | Villager (Male) |
| 18:26 | Create | Villager (Male) |
| 18:26 | Create | Villager (Male) |
| 18:32 | Build | Market |
| 18:46 | Create | Archer |
| 18:46 | Create | Archer |
| 18:47 | Create | Villager (Male) |
| 18:56 | Create | Archer |
| 18:56 | Create | Archer |
| 18:59 | Create | Villager (Male) |
| 18:59 | Create | Villager (Male) |
| 19:30 | Research | Castle Age |
| 19:30 | Research | Castle Age |
| 19:32 | Create | Archer |
| 19:32 | Create | Archer |
| 19:34 | Build | Lumber Camp |
| 19:45 | Create | Archer |
| 19:45 | Create | Archer |
| 19:57 | Create | Archer |
| 19:57 | Create | Archer |
| 20:02 | Create | Archer |
| 20:02 | Create | Archer |
Build order — G-Dragon
First 150 of 304 actions detected
| 0:01 | Create | Villager (Male) |
| 0:03 | Build | Barracks |
| 0:07 | Build | House |
| 0:08 | Build | House |
| 0:17 | Create | Villager (Male) |
| 0:17 | Create | Villager (Male) |
| 0:26 | Create | Villager (Male) |
| 0:26 | Create | Villager (Male) |
| 1:26 | Create | Villager (Male) |
| 2:06 | Create | Villager (Male) |
| 2:29 | Build | Lumber Camp |
| 2:46 | Create | Villager (Male) |
| 2:54 | Build | House |
| 3:14 | Create | Villager (Male) |
| 3:37 | Create | Villager (Male) |
| 3:37 | Create | Villager (Male) |
| 3:37 | Create | Villager (Male) |
| 3:58 | Create | Villager (Male) |
| 4:34 | Build | Mill |
| 4:43 | Create | Villager (Male) |
| 4:43 | Create | Villager (Male) |
| 5:15 | Create | Villager (Male) |
| 5:57 | Research | Loom |
| 6:34 | Research | Feudal Age |
| 6:34 | Research | Feudal Age |
| 6:45 | Build | House |
| 6:46 | Build | Palisade Wall |
| 7:05 | Build | House |
| 7:26 | Create | Villager (Male) |
| 7:30 | Build | Barracks |
| 7:36 | Build | Palisade Wall |
| 7:38 | Build | Palisade Wall |
| 8:36 | Build | Palisade Wall |
| 8:38 | Build | Palisade Wall |
| 8:53 | Age | Feudal Age |
| 8:57 | Build | Stable |
| 9:00 | Research | Double-Bit Axe |
| 9:00 | Research | Double-Bit Axe |
| 9:07 | Build | House |
| 9:16 | Create | Villager (Male) |
| 9:30 | Research | Horse Collar |
| 9:35 | Create | Villager (Male) |
| 9:45 | Build | Palisade Gate |
| 9:47 | Build | House |
| 9:47 | Create | Scout Cavalry |
| 9:47 | Create | Scout Cavalry |
| 10:04 | Create | Villager (Male) |
| 10:16 | Build | Farm |
| 10:19 | Create | Scout Cavalry |
| 10:24 | Create | Villager (Male) |
| 10:26 | Build | Farm |
| 10:38 | Build | House |
| 10:39 | Build | House |
| 10:46 | Build | Palisade Wall |
| 10:49 | Create | Villager (Male) |
| 10:51 | Build | Farm |
| 10:57 | Create | Scout Cavalry |
| 11:03 | Build | Farm |
| 11:10 | Create | Villager (Male) |
| 11:19 | Build | Farm |
| 11:29 | Create | Scout Cavalry |
| 11:44 | Create | Villager (Male) |
| 11:46 | Build | Farm |
| 11:47 | Build | Farm |
| 11:56 | Build | Farm |
| 12:04 | Create | Villager (Male) |
| 12:07 | Build | Farm |
| 12:21 | Build | Farm |
| 12:27 | Build | Farm |
| 12:31 | Create | Villager (Male) |
| 12:40 | Create | Scout Cavalry |
| 12:52 | Create | Villager (Male) |
| 12:56 | Build | Farm |
| 13:00 | Build | House |
| 13:12 | Create | Villager (Male) |
| 13:14 | Build | Farm |
| 13:25 | Build | Blacksmith |
| 13:27 | Create | Scout Cavalry |
| 13:39 | Create | Villager (Male) |
| 13:51 | Build | Farm |
| 13:54 | Create | Villager (Male) |
| 14:04 | Create | Scout Cavalry |
| 14:15 | Create | Villager (Male) |
| 14:17 | Build | Farm |
| 14:29 | Build | Farm |
| 14:32 | Create | Villager (Male) |
| 14:40 | Create | Scout Cavalry |
| 14:52 | Build | Farm |
| 14:57 | Build | House |
| 15:02 | Build | Mining Camp |
| 15:07 | Research | Scale Barding Armor |
| 15:10 | Create | Villager (Male) |
| 15:12 | Build | Farm |
| 15:36 | Create | Scout Cavalry |
| 15:39 | Create | Villager (Male) |
| 15:55 | Create | Villager (Male) |
| 15:59 | Create | Scout Cavalry |
| 16:02 | Build | Stable |
| 16:12 | Create | Villager (Male) |
| 16:16 | Create | Scout Cavalry |
| 16:16 | Create | Scout Cavalry |
| 16:23 | Build | House |
| 16:24 | Build | House |
| 16:38 | Research | Wheelbarrow |
| 16:38 | Research | Wheelbarrow |
| 16:47 | Build | Farm |
| 16:47 | Build | Farm |
| 16:53 | Create | Scout Cavalry |
| 16:54 | Create | Scout Cavalry |
| 17:00 | Build | Farm |
| 17:02 | Create | Scout Cavalry |
| 17:03 | Create | Scout Cavalry |
| 17:06 | Create | Villager (Male) |
| 17:23 | Build | Farm |
| 17:26 | Create | Scout Cavalry |
| 17:27 | Create | Scout Cavalry |
| 17:30 | Build | House |
| 17:46 | Create | Villager (Male) |
| 17:51 | Research | Bloodlines |
| 18:12 | Create | Scout Cavalry |
| 18:17 | Create | Villager (Male) |
| 18:19 | Build | Farm |
| 18:24 | Build | House |
| 18:27 | Create | Scout Cavalry |
| 18:27 | Create | Scout Cavalry |
| 18:47 | Create | Scout Cavalry |
| 18:53 | Create | Villager (Male) |
| 18:54 | Build | Lumber Camp |
| 19:01 | Create | Scout Cavalry |
| 19:03 | Create | Scout Cavalry |
| 19:03 | Create | Scout Cavalry |
| 19:05 | Build | House |
| 19:25 | Create | Villager (Male) |
| 19:30 | Create | Scout Cavalry |
| 19:30 | Create | Scout Cavalry |
| 19:37 | Build | Farm |
| 19:52 | Build | Palisade Wall |
| 19:56 | Create | Scout Cavalry |
| 19:57 | Create | Scout Cavalry |
| 19:58 | Create | Villager (Male) |
| 19:59 | Build | Stable |
| 20:04 | Build | Farm |
| 20:06 | Build | Farm |
| 20:14 | Create | Scout Cavalry |
| 20:14 | Create | Scout Cavalry |
| 20:21 | Build | House |
| 20:23 | Build | House |
| 20:26 | Build | Watch Tower |
| 20:31 | Create | Scout Cavalry |
| 20:31 | Create | Scout Cavalry |
Match timeline
| 0:03 | G-Dragon · first_building Barracks |
| 0:55 | ANKR.DAI · wall_segment Palisade Wall x1 |
| 5:32 | ANKR.DAI · wall_segment Palisade Wall x1 |
| 6:46 | G-Dragon · wall_segment Palisade Wall x1 |
| 6:51 | ANKR.ice cream · wall_segment Palisade Wall x5 |
| 7:02 | [超雷大黑店]Jian Hei · first_building Barracks |
| 7:12 | ANKR.DAI · first_building Barracks |
| 7:13 | ANKR.DAI · wall_segment Palisade Wall x1 |
| 7:15 | Yukgit · first_building Barracks |
| 7:22 | ANKR.ice cream · first_building Barracks |
| 7:36 | G-Dragon · wall_segment Palisade Wall x1 |
| 7:38 | G-Dragon · wall_segment Palisade Wall x1 |
| 7:39 | 徐智博宝宝真的很可爱 · first_building Barracks |
| 7:47 | BSL | Dr.Kozmonot · first_building Barracks |
| 7:51 | Ryuutaku · wall_segment Palisade Wall x1 |
| 8:06 | Ryuutaku · first_building Barracks |
| 8:21 | ANKR.ice cream · wall_segment Palisade Wall x5 |
| 8:22 | ANKR.ice cream · wall_segment Palisade Wall x1 |
| 8:36 | G-Dragon · wall_segment Palisade Wall x1 |
| 8:38 | G-Dragon · wall_segment Palisade Wall x1 |
| 8:45 | ANKR.ice cream · age_up feudal |
| 8:51 | ANKR.DAI · age_up feudal |
| 8:51 | Yukgit · age_up feudal |
| 8:51 | 徐智博宝宝真的很可爱 · age_up feudal |
| 8:52 | 徐智博宝宝真的很可爱 · first_building Stable |
| 8:52 | Ryuutaku · age_up feudal |
| 8:53 | G-Dragon · age_up feudal |
| 8:53 | Yukgit · first_building Stable |
| 8:53 | [超雷大黑店]Jian Hei · age_up feudal |
| 8:54 | ANKR.DAI · first_building Archery Range |
| 8:56 | Ryuutaku · first_building Archery Range |
| 8:57 | G-Dragon · first_building Stable |
| 8:57 | [超雷大黑店]Jian Hei · first_building Stable |
| 8:57 | ANKR.ice cream · first_building Archery Range |
| 9:00 | [超雷大黑店]Jian Hei · wall_segment Palisade Wall x1 |
| 9:06 | BSL | Dr.Kozmonot · age_up feudal |
| 9:09 | BSL | Dr.Kozmonot · first_building Archery Range |
| 9:10 | ANKR.ice cream · wall_segment Palisade Wall x1 |
| 10:00 | BSL | Dr.Kozmonot · wall_segment Palisade Wall x1 |
| 10:01 | [超雷大黑店]Jian Hei · wall_segment Palisade Wall x6 |
| 10:31 | Ryuutaku · wall_segment Palisade Wall x6 |
| 10:32 | ANKR.ice cream · wall_segment Palisade Wall x3 |
| 10:32 | Ryuutaku · wall_segment Palisade Wall x4 |
| 10:46 | G-Dragon · wall_segment Palisade Wall x13 |
| 10:49 | Yukgit · wall_segment Palisade Wall x7 |
| 10:54 | 徐智博宝宝真的很可爱 · wall_segment Palisade Wall x3 |
| 10:59 | ANKR.DAI · wall_segment Palisade Wall x5 |
| 11:25 | [超雷大黑店]Jian Hei · wall_segment Palisade Wall x5 |
| 11:31 | [超雷大黑店]Jian Hei · wall_segment Palisade Wall x6 |
| 11:32 | Ryuutaku · wall_segment Palisade Wall x11 |
| 12:01 | 徐智博宝宝真的很可爱 · wall_segment Palisade Wall x1 |
| 12:02 | 徐智博宝宝真的很可爱 · wall_segment Palisade Wall x1 |
| 12:04 | Ryuutaku · wall_segment Palisade Wall x5 |
| 12:05 | 徐智博宝宝真的很可爱 · wall_segment Palisade Wall x1 |
| 12:06 | 徐智博宝宝真的很可爱 · wall_segment Palisade Wall x1 |
| 12:09 | 徐智博宝宝真的很可爱 · wall_segment Palisade Wall x1 |
| 12:15 | ANKR.DAI · wall_segment Palisade Wall x4 |
| 12:20 | ANKR.ice cream · wall_segment Palisade Wall x11 |
| 12:25 | 徐智博宝宝真的很可爱 · wall_segment Palisade Wall x3 |
| 12:33 | 徐智博宝宝真的很可爱 · wall_segment Palisade Wall x1 |
| 12:35 | 徐智博宝宝真的很可爱 · wall_segment Palisade Wall x7 |
| 12:43 | 徐智博宝宝真的很可爱 · wall_segment Palisade Wall x5 |
| 12:57 | Ryuutaku · wall_segment Palisade Wall x13 |
| 13:03 | ANKR.DAI · wall_segment Palisade Wall x1 |
| 13:43 | 徐智博宝宝真的很可爱 · wall_segment Palisade Wall x9 |
| 14:10 | [超雷大黑店]Jian Hei · wall_segment Palisade Wall x1 |
| 14:22 | ANKR.DAI · wall_segment Palisade Wall x1 |
| 14:38 | Yukgit · wall_segment Palisade Wall x4 |
| 14:39 | Yukgit · wall_segment Palisade Wall x1 |
| 14:42 | ANKR.DAI · wall_segment Palisade Wall x5 |
| 14:42 | Yukgit · wall_segment Palisade Wall x2 |
| 14:45 | 徐智博宝宝真的很可爱 · wall_segment Palisade Wall x1 |
| 14:55 | [超雷大黑店]Jian Hei · wall_segment Palisade Wall x13 |
| 14:56 | [超雷大黑店]Jian Hei · wall_segment Palisade Wall x4 |
| 15:25 | [超雷大黑店]Jian Hei · wall_segment Palisade Wall x3 |
| 15:26 | [超雷大黑店]Jian Hei · wall_segment Palisade Wall x8 |
| 15:44 | 徐智博宝宝真的很可爱 · wall_segment Stone Wall x6 |
| 17:08 | Yukgit · wall_segment Palisade Wall x1 |
| 17:10 | Yukgit · wall_segment Palisade Wall x1 |
| 18:12 | ANKR.DAI · wall_segment Palisade Wall x1 |
| 18:25 | BSL | Dr.Kozmonot · first_market_buy 500 food |
| 18:26 | BSL | Dr.Kozmonot · first_market_sell 500 stone |
| 19:05 | ANKR.ice cream · first_market_buy 500 food |
| 19:06 | ANKR.ice cream · first_market_sell 500 stone |
| 19:52 | G-Dragon · wall_segment Palisade Wall x1 |
| 20:19 | ANKR.ice cream · wall_segment Palisade Wall x1 |
| 20:39 | ANKR.DAI · first_market_sell 100 wood |
| 21:01 | ANKR.DAI · first_market_buy 100 food |
| 21:19 | Yukgit · wall_segment Palisade Wall x9 |
| 21:23 | Ryuutaku · age_up castle |
| 21:28 | BSL | Dr.Kozmonot · age_up castle |
| 21:34 | Yukgit · wall_segment Palisade Wall x2 |
| 21:40 | Yukgit · wall_segment Palisade Wall x10 |
| 21:41 | Yukgit · wall_segment Palisade Wall x4 |
| 21:42 | Yukgit · wall_segment Palisade Wall x7 |
| 21:55 | [超雷大黑店]Jian Hei · first_market_buy 100 wood |
| 22:10 | ANKR.ice cream · age_up castle |
| 22:50 | Yukgit · wall_segment Palisade Wall x2 |
| 23:20 | 徐智博宝宝真的很可爱 · wall_segment Palisade Wall x1 |
| 23:21 | 徐智博宝宝真的很可爱 · wall_segment Palisade Wall x1 |
| 23:58 | G-Dragon · wall_segment Palisade Wall x1 |
| 24:05 | [超雷大黑店]Jian Hei · age_up castle |
| 24:16 | ANKR.DAI · age_up castle |
| 25:26 | G-Dragon · age_up castle |
| 25:35 | ANKR.ice cream · wall_segment Palisade Wall x3 |
| 25:54 | Yukgit · age_up castle |
| 26:02 | Yukgit · wall_segment Palisade Wall x1 |
| 26:03 | Yukgit · wall_segment Palisade Wall x1 |
| 26:09 | Yukgit · wall_segment Palisade Wall x1 |
| 26:11 | Yukgit · wall_segment Palisade Wall x1 |
| 26:13 | Yukgit · wall_segment Palisade Wall x1 |
| 26:19 | 徐智博宝宝真的很可爱 · age_up castle |
| 26:40 | ANKR.ice cream · wall_segment Palisade Wall x1 |
| 26:47 | G-Dragon · first_market_buy 100 stone |
| 26:49 | Yukgit · wall_segment Palisade Wall x1 |
| 27:00 | ANKR.ice cream · wall_segment Palisade Wall x1 |
| 27:15 | 徐智博宝宝真的很可爱 · wall_segment Palisade Wall x1 |
| 29:47 | Ryuutaku · first_building Monastery |
| 31:08 | Ryuutaku · first_market_sell 100 wood |
| 32:04 | Yukgit · resign |
| 32:22 | G-Dragon · first_market_sell 100 wood |
[ AI ANALYSIS · 1 CREDIT ]
What really happened in this match?
Wolo.gg analyzes every decision: build order, eco, micro, common mistakes by bracket. Personalized analysis on WhatsApp or Discord in 30 seconds.
Civ guide
Slavs
Perfil
Jugador #22249146